 Dungeon Crawl Stone Soup version 0.26.1-2-gb8aa6d0cf2 (webtiles) character file.

Game seed: 16349800488465823318

1267 Gadfly the Cudgeller (level 8, -4/78 HPs)
             Began as a Troll Delver on Feb 25, 2021.
             Was an Initiate of Gozag.
             Killed by divine providence
             ... invoked by an orc priest
              (11 damage)
             ... on level 6 of the Dungeon.
             The game lasted 00:08:51 (6001 turns).

Gadfly the Cudgeller (Troll Delver)                 Turns: 6001, Time: 00:08:52

Health: -4/78      AC:  9    Str: 23    XL:     8   Next: 27%
Magic:  7/7        EV: 10    Int:  6    God:    Gozag
Gold:   513        SH:  0    Dex: 11    Spells: 7/7 levels left

rFire    . . .     SeeInvis .   a - +0 flail
rCold    . . .     Faith    .   (no shield)
rNeg     . . .     Spirit   .   q - +1 robe
rPois    .         Reflect  .   r - +2 hat
rElec    .         Harm     .   (no cloak)
rCorr    +         Rampage  .   (gloves unavailable)
Will     .....                  (boots unavailable)
Stlth    ++........             (no amulet)
HPRegen  0.63/turn              h - +4 ring of slaying
MPRegen  0.10/turn              n - ring of resist corrosion

@: no status effects
A: large, unfitting armour, claws 3, regeneration 1, shaggy fur 1, tough skin 3
a: Renounce Religion, Potion Petition, Call Merchant, Bribe Branch


You were on level 6 of the Dungeon.
You worshipped Gozag.
Gozag was pleased with you.
You visited 2 branches of the dungeon, and saw 8 of its levels.

You collected 600 gold pieces.
You paid 87 gold pieces to Gozag.

Inventory:

Hand Weapons
 a - a +0 flail (weapon)
 b - a +2 trident of flaming
Armour
 q - a +1 robe (worn)
 r - a +2 hat (worn)
Jewellery
 h - a +4 ring of slaying (left claw)
 n - a ring of resist corrosion (right claw)
 p - an uncursed ring of stealth {unknown}
Wands
 g - a wand of digging (3)
Scrolls
 c - a scroll of fog
 d - 2 scrolls of magic mapping
 e - a scroll of fear
 l - a scroll of enchant armour
 o - 3 scrolls of remove curse
Potions
 f - 2 potions of curing
 i - a potion of mutation
 j - a potion of berserk rage
 k - a potion of cancellation
 m - a potion of heal wounds


   Skills:
 * Level 4.0 Fighting
 * Level 4.9 Maces & Flails
 + Level 4.3 Armour
 - Level 1.5 Dodging
 - Level 2.7 Stealth
 + Level 4.0 Evocations


You had 7 spell levels left.
You didn't know any spells.
Your spell library was empty.

Dungeon Overview and Level Annotations

Branches:
Dungeon (7/15)             Temple (1/1) D:4

Altars:
Cheibriados
Dithmenos
Elyvilon
Fedhas
Gozag
Hepliaklqana
Kikubaaqudgha
Makhleb
Okawaru
Qazlal
Ru
Sif Muna
Trog
Uskayaw
Vehumet
Xom
Yredelemnul
The Shining One

Shops:
D:5 =


Innate Abilities, Weirdness & Mutations

You are too large for most types of armour.
You have claws for hands.
Your natural rate of healing is unusually fast.
You are covered in fur. (AC +1)
You have extremely tough skin. (AC +3)


Message History

There is a stone staircase leading up here.
You feel sick.
The kobold throws a stone.
The stone hits you but does no damage.
You climb upwards.
You feel sick. The orc hits you but does no damage.
The orc priest looks satisfied for a moment.
The orc barely misses you.
There is a stone staircase leading down here.
You feel sick. The orc hits you with a +0 whip.
* * * LOW HITPOINT WARNING * * *
You feel better. The orc hits you but does no damage.
The orc closely misses you.
The orc priest mumbles some strange prayers to Beogh against you.
You struggle to resist.
The orc priest calls down the wrath of Beogh upon you.
Beogh smites you!
* * * LOW HITPOINT WARNING * * *
The orc priest calls down the wrath of Beogh upon you.
Beogh smites you!
You die...
Your body crumbles into a pile of gold.

.# ##.......#.....##.## .#
#.....o##...### .#...
..###..#...####.####.......
...#...#...# ...g..........
..#...##..####.........)..
..........###..#.........#
##.#......o....###g.....##
####.##.....o...#........#
..##..#...>.o...@........#
..#..###....##o.##.......####
.......#...#.o.##........#..#
#.#....#......##............#
###....#.#....##..........<.#
.###...#.#...###............#
..............#...#..........#
#.#.........####.##.....##(..#
###...##...## ###...######..#


You could see 3 orc priests, a gnoll and 2 orcs.

Vanquished Creatures
  Grinder (D:4)
  A hornet zombie (D:5)
  A necrophage (D:6)
  An ogre (D:4)
  A bullfrog (D:3)
  A scorpion (D:6)
  A centaur zombie (D:6)
  A jelly (D:5)
  A hound (D:4)
  4 orc priests
  7 orc wizards
  2 centaur skeletons (D:4)
  3 worker ants
  A hound zombie (D:5)
  3 adders
  2 white imps
  An adder zombie (D:6)
  An adder skeleton (D:5)
  3 worms
  5 dart slugs
  3 leopard geckos
  20 orcs
  4 giant cockroaches
  2 goblins (D:2)
  5 hobgoblins
  5 jackals
  A quokka (D:5)
  A ball python zombie (D:6)
  13 bats
  5 frilled lizards
  A jackal skeleton (D:5)
  5 kobolds
  2 leopard gecko skeletons (D:4)
  A quokka skeleton (D:5)
  9 rats
118 creatures vanquished.

Vanquished Creatures (others)
  An orc wizard (D:6)
1 creature vanquished.

Grand Total: 119 creatures vanquished

Notes
Turn   | Place    | Note
-------+----------+-------------------------------------------
     0 | D:5      | Gadfly the Troll Delver began the quest for the Orb.
     0 | D:5      | Reached XP level 1. HP: 22/22 MP: 0/0
     0 | D:5      | Found a shadowy altar of Dithmenos.
    19 | D:5      | Found Ufamutum's Jewellery Shop.
   101 | D:4      | Noticed a worker ant
   254 | D:3      | Noticed an orc priest
   489 | D:1      | Reached XP level 2. HP: 29/29 MP: 1/1
   679 | D:1      | Reached skill level 1 in Armour
   709 | D:1      | Reached skill level 1 in Evocations
   930 | D:1      | Reached XP level 3. HP: 21/36 MP: 2/2
  1469 | D:2      | Found a snail-covered altar of Cheibriados.
  2321 | D:3      | Found a shimmering blue altar of Sif Muna.
  2472 | D:3      | Reached XP level 4. HP: 44/44 MP: 3/3
  2784 | D:3      | Noticed a bullfrog
  2795 | D:3      | Killed a bullfrog
  2796 | D:3      | Reached XP level 5. HP: 33/50 MP: 4/4
  3020 | D:3      | Found an ancient bone altar of Kikubaaqudgha.
  3020 | D:3      | Found a radiant altar of Vehumet.
  3021 | D:3      | Found a bloodstained altar of Trog.
  3462 | D:4      | Reached XP level 6. HP: 38/59 MP: 5/5
  3563 | D:4      | Found a staircase to the Ecumenical Temple.
  3583 | Temple   | Entered the Ecumenical Temple
  3635 | Temple   | Became a worshipper of Gozag Ym Sagoz the Greedy
  3894 | D:4      | Noticed Grinder
  3907 | D:4      | Killed Grinder
  3908 | D:4      | Reached XP level 7. HP: 25/66 MP: 6/6
  4534 | D:5      | Found a hide-covered altar of Uskayaw.
  4708 | D:5      | Noticed a +0 dagger
  4708 | D:5      | Noticed a +0 dagger
  5091 | D:5      | Found a glowing golden altar of the Shining One.
  5165 | D:5      | Found a sacrificial altar of Ru.
  5402 | D:5      | Reached XP level 8. HP: 40/75 MP: 7/7
  6001 | D:6      | Killed from afar by an orc priest

Illustrated notes

Levels and vault maps discovered:
D:1:      giann_horns, layout_basic, wander_ebering_terrifying_dragon_lair
D:2:      layout_loops_corners, kennysheep_slug_shrine, patterned_corridor
D:3:      layout_loops_ring, gammafunk_temple_overflow_claw,
          general_overflow_altar, minmay_puff
D:4:      layout_loops_corners, minmay_temple_entry_mist, uniq_grinder
D:5:      layout_gridville, nicolae_ru_awakened_eye,
          nicolae_tso_carved_into_rock, dancing_weapons_uskayaw, basic_altar,
          serial_shops, kennysheep_little_box
D:6:      layout_cave_pools, serial_undead, serial_undead_b, serial_undead_f,
          serial_undead_e, serial_undead_b, serial_shops, kennysheep_mini
D:7:      layout_loops_ring
Temple:   compressed_dpeg_triangle_lava_temple

Skill      XL: |  1  2  3  4  5  6  7  8 |
---------------+-------------------------+-----
Maces & Flails | 2 3 4 |  4.9
Armour         | 1 2 3 4 |  4.3
Evocations     | 1 2 3 4 |  4.0
Fighting       | 3 4 |  4.0
Dodging        | |  1.5
Stealth        | |  2.7

Action                   |  1- 3 |  4- 6 |  7- 9 || total
-------------------------+-------+-------+-------++-------
Melee: Mace              |   167 |    22 |       ||   189
       Flail             |       |   120 |   265 ||   385
  Use: Scroll            |     8 |     2 |     3 ||    13
       Potion            |     1 |       |     2 ||     3
 Stab: Sleeping          |     7 |     3 |     1 ||    11
       Distracted        |       |     1 |     2 ||     3
Armor: Robe              |   124 |    93 |   163 ||   380
Dodge: Dodged            |   145 |    63 |   177 ||   385
